Map: Lost and Found LE

Players

Serral - Winner!

  • Race: Zerg Zerg
  • Spawn Location: 7:00

Kelazhur

  • Race: Terran Terran
  • Spawn Location: 1:00

Event: WCS Austin 2018

VOD

Have the link to the VOD?

Description

Time

  • Played on: June 2, 2018, 1:37 p.m.
  • Length: 15:40

All games in this series

Show
View Real Time Build Order
Export as new Build Order

Serral Zerg - Winner!

Build Orders: Hatch First, Roach Hydra 

Get SALT Encoding   

  12  0:00  Drone  
  13  0:12  Overlord  
  13  0:16  Drone  
  14  0:31  Drone x2  
  16  0:48  Hatchery  
  15  0:50  Drone  
  15  0:54  Drone  
  17  1:07  Spawning Pool  
  17  1:11  Extractor  
  15  1:12  Drone  
  15  1:15  Drone  
  17  1:19  Drone  
  18  1:28  Drone  
  19  1:38  Overlord  
  19  1:54  Queen  
  19  1:55  Drone  
  19  1:59  Queen  
  19  2:00  Zergling x4  
  26  2:11  Drone x2  
  26  2:13  Metabolic Boost  
  28  2:22  Drone x2  
  30  2:35  Hatchery  
  29  2:44  Queen  
  29  2:47  Overlord  
  29  2:50  Drone  
  32  2:52  Drone  
  32  2:55  Drone  
  32  2:56  Drone  
  35  2:59  Drone  
  37  3:05  Drone x2  
  37  3:06  Drone  
  37  3:09  Drone  
  37  3:10  Drone  
  41  3:15  Overlord  
  41  3:19  Queen  
  41  3:24  Drone  
  44  3:33  Drone x2  
  44  3:36  Zergling x2  
  44  3:37  Zergling x4  
  44  3:38  Drone  
  48  3:44  Overlord  
  48  3:48  Queen  
  48  3:49  Drone x2  
  48  3:54  Zergling x4  
  54  3:56  Drone x2  
  54  4:00  Drone  
  54  4:01  Drone  
  58  4:06  Overlord  
  58  4:13  Overlord  
  58  4:17  Roach Warren  
  58  4:18  Overlord  
  58  4:19  Zergling x2  
  59  4:24  Drone x4  
  59  4:30  Zergling x2  
  63  4:31  Drone  
  63  4:33  Drone x3  
  63  4:34  Lair  
  63  4:35  Spore Crawler  
  63  4:36  Extractor  
  65  4:39  Drone x2  
  65  4:40  Drone  
  65  4:41  Drone  
  65  4:43  Drone  
  70  4:48  Drone  
  70  4:50  Spore Crawler  
  69  4:56  Spore Crawler  
  69  4:59  Roach x3  
  74  5:02  Overlord  
  74  5:03  Drone x5  
  74  5:04  Overlord  
  74  5:06  Overlord  
  79  5:11  Overlord  
  79  5:14  Extractor  
  78  5:15  Extractor  
  78  5:17  Overlord, Evolution Chamber x2  
  78  5:21  Drone, Roach x2  
  79  5:22  Drone  
  80  5:31  Roach x2  
  80  5:32  Overseer  
  80  5:34  Drone x4  
  87  5:39  Glial Reconstitution  
  87  5:41  Overlord  
  87  5:42  Drone  
  88  5:43  Drone x3  
  88  5:48  Zerg Missile Weapons Level 1  
  87  5:53  Drone x3  
  90  5:59  Hatchery  
  90  6:00  Extractor  
  90  6:01  Drone  
  89  6:08  Drone x5  
  94  6:12  Extractor, Zerg Ground Armor Level 1  
  94  6:16  Roach x5  
  94  6:17  Roach  
  104  6:20  Zergling x2, Roach  
  107  6:29  Roach x2  
  111  6:37  Ravager  
  112  6:40  Hydralisk Den  
  112  6:42  Pneumatized Carapace  
  111  6:50  Drone x10  
  111  6:51  Overlord  
  111  6:52  Overlord x2  
  121  6:55  Overlord  
  121  6:57  Overlord  
  121  7:10  Extractor  
  121  7:13  Muscular Augments, Drone  
  121  7:14  Drone x3  
  121  7:15  Extractor, Queen  
  125  7:17  Hydralisk x4  
  125  7:18  Hydralisk  
  125  7:21  Hydralisk  
  137  7:24  Hydralisk  
  137  7:26  Hydralisk  
  137  7:27  Hydralisk x2  
  137  7:28  Hydralisk  
  141  7:32  Hydralisk x3  
  142  7:40  Drone x3  
  139  7:46  Hydralisk x2, Roach  
  139  7:47  Roach x3  
  139  7:50  Roach  
  149  7:54  Drone x2  
  149  7:56  Roach  
  153  8:01  Roach  
  153  8:04  Roach  
  157  8:08  Ravager x2  
  157  8:11  Roach x3  
  165  8:15  Overlord x2, Drone x2  
  165  8:16  Overlord x2  
  165  8:19  Spine Crawler, Zerg Missile Weapons Level 2  
  166  8:24  Grooved Spines  
  166  8:33  Drone x2  
  168  8:34  Roach x8  
  168  8:35  Infestation Pit  
  168  8:38  Hatchery  
  182  8:48  Roach  
  182  8:49  Roach x6  
  196  8:57  Zerg Ground Armor Level 2  
  196  9:08  Extractor  
  195  9:11  Hydralisk x2  
  195  9:13  Drone  
  195  9:15  Hive  
  199  9:22  Overseer  
  197  9:34  Spire  
  194  9:42  Hydralisk  
  194  9:43  Hydralisk  
  198  9:51  Overlord  
  182  9:54  Overlord  
  182  9:56  Hydralisk x3  
  182  9:57  Roach x7  
  186  10:03  Hatchery  
  186  10:05  Roach x17  
  180  10:13  Spine Crawler  
  180  10:14  Spine Crawler, Drone x2  
  167  10:16  Overlord  
  167  10:20  Roach x5  
  176  10:28  Viper  
  176  10:29  Viper  
  176  10:34  Hydralisk  
  176  10:35  Roach x4  
  192  10:48  Greater Spire  
  192  10:49  Zerg Missile Weapons Level 3  
  192  11:00  Hydralisk x3  
  190  11:04  Roach x6  
  190  11:09  Hydralisk x5  
  190  11:10  Roach  
  185  11:22  Zerg Ground Armor Level 3  
  185  11:23  Overlord, Drone x2  
  185  11:24  Overlord  
  181  11:28  Overlord  
  181  11:29  Hydralisk x4  
  175  11:39  Hydralisk x5  
  169  11:44  Drone x3  
  182  11:49  Hydralisk  
  182  11:50  Hydralisk x2  
  182  11:59  Roach x5  
  162  12:18  Unknown, Hydralisk x2  
  162  12:19  Roach x2  
  162  12:20  Roach x9  
  186  12:24  Spine Crawler  
  186  12:27  Viper x2  
  186  12:29  Overlord  
  191  12:34  Zerg Flyer Weapons Level 1  
  191  12:46  Extractor  
  191  12:49  Corruptor x3  
  196  12:53  Hatchery  
  195  13:00  Corruptor x2  
  199  13:08  Overseer  
  199  13:14  Spore Crawler, Spine Crawler  
  199  13:15  Corruptor  
  199  13:33  Spore Crawler  
  198  13:34  Spore Crawler  
  198  13:35  Spore Crawler x2  
  198  13:36  Spore Crawler x4  
  198  13:37  Brood Lord x3, Spore Crawler x2  
  198  13:39  Brood Lord, Spore Crawler  
  198  13:40  Spore Crawler  
  195  13:42  Brood Lord  
  195  13:46  Brood Lord  
  197  14:05  Burrow  
  197  14:08  Hydralisk  
  184  14:47  Roach x13  
  184  14:51  Roach x4  
Show
View Real Time Build Order
Export as new Build Order

Kelazhur Terran 

Build Orders: Gas First Reaper Expand, Reaper Expand, Hellion Banshee, Mech 

Get SALT Encoding   

  12  0:00  SCV  
  13  0:13  SCV  
  14  0:17  Supply Depot  
  14  0:25  SCV  
  15  0:29  Refinery  
  15  0:38  SCV  
  16  0:45  Barracks  
  16  0:50  SCV  
  17  1:03  SCV  
  18  1:15  SCV  
  19  1:31  Orbital Command, Reaper  
  20  1:41  Command Center  
  20  1:51  Factory  
  20  1:57  SCV  
  21  2:02  Refinery  
  21  2:07  Barracks Reactor  
  21  2:09  SCV  
  21  2:13  Supply Depot  
  22  2:21  SCV  
  23  2:34  SCV  
  24  2:39  Starport  
  23  2:47  SCV  
  23  2:50  Hellion x2  
  28  2:53  Orbital Command  
  28  2:59  SCV, Marine  
  30  3:11  SCV  
  30  3:12  Hellion x2  
  35  3:19  Viking  
  37  3:22  SCV  
  38  3:28  SCV  
  38  3:30  Barracks Tech Lab  
  39  3:34  SCV  
  39  3:36  Supply Depot  
  39  3:40  Hellion x2  
  44  3:43  SCV  
  44  3:47  SCV  
  46  3:50  Supply Depot  
  46  3:57  SCV  
  46  4:00  Cloaking Field, Banshee  
  50  4:04  SCV  
  51  4:13  SCV  
  52  4:17  Command Center  
  52  4:18  SCV  
  52  4:23  Hellion  
  55  4:25  SCV  
  55  4:28  Hellion  
  58  4:31  SCV  
  58  4:33  Supply Depot  
  58  4:37  SCV  
  60  4:45  Armory  
  60  4:46  SCV  
  60  4:49  Supply Depot  
  61  4:54  Hellion, SCV, Banshee  
  67  5:00  SCV  
  67  5:05  Refinery  
  67  5:06  SCV  
  69  5:07  Refinery  
  69  5:12  SCV  
  70  5:15  Cyclone  
  70  5:16  Cyclone  
  70  5:18  SCV  
  77  5:24  SCV  
  78  5:30  SCV  
  78  5:31  SCV  
  80  5:39  SCV, Factory, Banshee  
  80  5:40  Factory  
  84  5:44  Orbital Command  
  84  5:55  Barracks Tech Lab  
  84  5:56  Terran Vehicle Weapons Level 1  
  84  5:57  SCV x2  
  84  5:59  Engineering Bay, Hellion x2  
  90  6:09  SCV x2  
  92  6:15  Orbital Command  
  92  6:21  SCV  
  92  6:25  Supply Depot x2  
  93  6:29  Refinery  
  93  6:33  Refinery  
  93  6:40  Starport Reactor  
  93  6:44  Supply Depot  
  93  6:46  Supply Depot, SCV x2  
  99  6:47  SCV, Hellion x2  
  99  6:50  Thor  
  106  6:57  Thor  
  106  6:59  SCV x3  
  115  7:09  Factory  
  115  7:10  Factory  
  115  7:11  SCV x3  
  115  7:15  Hellion  
  120  7:16  Supply Depot x2  
  120  7:18  Medivac  
  121  7:23  SCV x2  
  121  7:24  Orbital Command, SCV  
  120  7:33  Siege Tank  
  120  7:35  SCV x2  
  113  7:40  Siege Tank  
  113  7:43  Hellion  
  110  7:47  SCV x2  
  110  7:51  SCV, Terran Vehicle And Ship Armor Level 1  
  107  7:57  Hellion  
  109  7:59  SCV x2  
  109  8:03  SCV, Medivac  
  114  8:11  SCV x2  
  116  8:14  Command Center  
  116  8:15  SCV  
  116  8:17  Siege Tank  
  116  8:18  Siege Tank  
  123  8:23  SCV x2  
  123  8:25  Hellion x2  
  129  8:27  SCV  
  127  8:35  SCV x2  
  127  8:39  SCV  
  130  8:44  Factory Reactor, Factory Tech Lab  
  130  8:46  Medivac  
  130  8:47  SCV  
  133  8:49  Supply Depot  
  133  8:50  Supply Depot  
  133  8:51  Medivac  
  133  8:52  Siege Tank, SCV x2  
  133  8:53  Refinery  
  140  9:00  SCV  
  141  9:07  Infernal Pre-Igniter  
  141  9:11  Siege Tank, SCV, Hellion x2  
  141  9:13  Supply Depot  
  141  9:16  Missile Turret, Supply Depot  
  152  9:20  Medivac  
  152  9:21  Medivac  
  156  9:28  Siege Tank, Hellion x2  
  163  9:32  Hellion  
  163  9:36  Supply Depot  
  163  9:38  Supply Depot  
  165  9:43  Siege Tank  
  165  9:44  Terran Vehicle Weapons Level 2  
  145  9:58  SCV  
  124  10:00  Siege Tank  
  124  10:04  SCV, Hellion x2  
  123  10:07  SCV  
  123  10:08  Hellion x2  
  123  10:10  SCV  
  116  10:15  Siege Tank  
  116  10:16  SCV  
  116  10:19  SCV  
  121  10:22  SCV  
  121  10:25  Hellion x2  
  121  10:26  Refinery, Viking  
  121  10:27  Viking  
  128  10:29  SCV  
  128  10:31  SCV  
  128  10:32  Siege Tank, Planetary Fortress  
  128  10:34  SCV  
  128  10:35  Hellion x2  
  138  10:41  SCV, Factory  
  139  10:43  SCV  
  139  10:46  SCV  
  139  10:47  Siege Tank  
  144  10:53  SCV  
  144  10:55  SCV  
  144  10:56  Viking, Hellion x2  
  144  10:57  Viking  
  154  11:00  Hellion  
  154  11:01  Hellion  
  151  11:04  Siege Tank  
  151  11:09  SCV x2  
  134  11:18  Hellion x2  
  125  11:19  Siege Tank  
  125  11:26  Viking x2, Hellion x2  
  125  11:32  SCV x2  
  123  11:36  Hellion  
  123  11:39  Hellion x2  
  116  11:44  SCV  
  116  11:45  SCV  
  114  11:52  Siege Tank  
  114  11:54  Factory Tech Lab, Hellion x2  
  121  11:56  SCV  
  121  11:57  SCV  
  121  11:58  Hellion  
  121  11:59  Refinery x2  
  122  12:09  SCV x2  
  122  12:14  Hellion x3  
  126  12:19  Siege Tank  
  126  12:21  SCV x2  
  126  12:22  Hellion  
  131  12:30  Supply Depot  
  131  12:31  Supply Depot  
  131  12:33  SCV  
  131  12:36  Terran Vehicle And Ship Armor Level 2  
  132  12:51  Engineering Bay, Supply Depot x2  
  132  12:52  Supply Depot  
  132  12:53  Siege Tank  
  135  13:01  Command Center  
  135  13:06  Supply Depot  
  135  13:07  Supply Depot  
  135  13:09  Siege Tank  
  135  13:10  Hellion  
  140  13:18  Siege Tank, Hellion  
  140  13:19  Hellion  
  147  13:26  Siege Tank  
  150  13:31  Hellion  
  152  13:41  Siege Tank, Sensor Tower  
  155  13:43  Missile Turret  
  147  13:50  Siege Tank, Hellion x2  
  147  13:52  Viking  
  156  13:56  Hellion  
  156  14:00  Viking  
  160  14:09  Thor  
  166  14:19  Siege Tank  
  169  14:24  Viking  
  169  14:30  Viking  
  166  14:44  Thor  
  139  14:50  Hellion  
  105  14:54  Viking  
  105  15:00  Viking  
Tags
 
Add a new tag
Caveats
  • Supply blocks, unpowered buildings, or Contaminate may cause inaccurate times.
  • Supply counts are checked every 10 seconds.